 Dungeon Crawl Stone Soup version 0.29-a0-284-gf9362112df (webtiles) character file.

Game seed: 15602179823088344447

184 Zonian the Chiller (level 5, -5/35 HPs)
             Began as a Demonspawn Ice Elementalist on Mar 22, 2022.
             Killed by divine providence
             ... invoked by an orc priest
              (15 damage)
             ... on level 3 of the Dungeon.
             The game lasted 00:05:28 (5406 turns).

Zonian the Chiller (Demonspawn Ice Elementalist)    Turns: 5406, Time: 00:05:29

Health: -5/35      AC:  2    Str:  8    XL:     5   Next: 36%
Magic:  5/9        EV: 12    Int: 19    God:
Gold:   111        SH:  0    Dex: 13    Spells: 9/10 levels left

rFire   . . .      SeeInvis .   f - +0 dagger
rCold   . . .      Faith    .   (no shield)
rNeg    . . .      Spirit   .   a - +0 robe
rPois   .          Reflect  .   (no helmet)
rElec   .          Harm     .   (no cloak)
rCorr   .          Rampage  .   (no gloves)
Will    .....                   (no boots)
Stlth   ++........              (no amulet)
HPRegen 0.11/turn               (no ring)
MPRegen 0.11/turn               (no ring)

@: no status effects
A: demonic guardian 2, powered by pain 1
a: no special abilities


You were on level 3 of the Dungeon.
You visited 1 branch of the dungeon, and saw 3 of its levels.

You collected 111 gold pieces.

Inventory:

Hand Weapons
 f - a +0 dagger (weapon)
Missiles
 l - 2 throwing nets
 n - 5 curare-tipped darts
Armour
 a - a +0 robe (worn)
Scrolls
 c - a scroll of teleportation {unknown}
 d - 2 scrolls of identify {unknown}
 j - 2 scrolls of fear {unknown}
 k - a scroll of noise {unknown}
 m - a scroll of magic mapping {unknown}
 o - a scroll of silence {unknown}
Potions
 b - a potion of magic
 e - 2 potions of lignification {unknown}
 g - 2 potions of curing {unknown}
 h - a potion of degeneration {unknown}
 i - a potion of invisibility {unknown}


   Skills:
 + Level 2.9 Dodging
 + Level 3.1 Stealth
 + Level 3.1 Spellcasting
 + Level 4.3 Ice Magic


You had 9 spell levels left.
You knew the following spells:

 Your Spells              Type           Power      Damage    Failure   Level
a - Freeze                Ice            76%        1d9       2%          1

Your spell library contained the following spells:

 Spells                   Type           Power      Damage    Failure   Level
 Frozen Ramparts          Ice            38%        1d5       8%          3
 Ozocubu's Armour         Ice            19%        N/A       8%          3
 Hailstorm                Conj/Ice       11%        3d5       52%         4


Dungeon Overview and Level Annotations

Branches:
Dungeon (3/15)

Altars:
Wu Jian


Innate Abilities, Weirdness & Mutations

A demonic guardian rushes to your aid.
You sometimes gain a little power by taking damage.


Message History

Things that are here:
a +0 spear; a gnoll corpse Unknown command.
Casting: Freeze (safe; 2% risk of failure)
Confirm with . or Enter, or press ? or * to list all spells.
Aiming: Freeze (safe; 2% risk of failure)
Press: ? - help, Shift-Dir - straight line, f - orc priest
Aim: an orc priest, wielding a +0 hand axe You freeze the orc priest!
The orc priest is heavily wounded.
The orc priest hits you with a +0 hand axe.
Unknown command.
Casting: Freeze (safe; 2% risk of failure)
Confirm with . or Enter, or press ? or * to list all spells.
Aiming: Freeze (safe; 2% risk of failure)
Press: ? - help, Shift-Dir - straight line, f/p - orc priest
Aim: an orc priest, wielding a +0 hand axe (heavily wounded)
You freeze the orc priest.
The orc priest is heavily wounded.
The orc priest barely misses you.
Unknown command.
Casting: Freeze (safe; 2% risk of failure)
Confirm with . or Enter, or press ? or * to list all spells.
Aiming: Freeze (safe; 2% risk of failure)
Press: ? - help, Shift-Dir - straight line, f/p - orc priest
Aim: an orc priest, wielding a +0 hand axe (heavily wounded)
You freeze the orc priest.
The orc priest is severely wounded.
The orc priest hits you with a +0 hand axe.
* * * LOW HITPOINT WARNING * * *
Casting: Freeze (safe; 2% risk of failure)
Confirm with . or Enter, or press ? or * to list all spells.
Aiming: Freeze (safe; 2% risk of failure)
Press: ? - help, Shift-Dir - straight line, f/p - orc priest
Aim: an orc priest, wielding a +0 hand axe (severely wounded)
You freeze the orc priest.
The orc priest is almost dead.
The orc priest calls down the wrath of Beogh upon you.
Beogh smites you!
You die...

....##.......# #.# #.
.......#.###.# #.# ######.
..≈≈....#.###.###.#
####......
..≈≈....#.........#
#....[..#.
.........####.#####
#.......#. .....##..#.)).#
#.......#. .._..##....##.#
#.......#. .........####.#
#.......#. ≈.......)####@#
#.......## ≈..##...#...o.#
#.......# . #...#..##.#
##.#.####
....#......########....####
....##....................>.+
####.........########....####
#.###..##)# #.#.## #. #.###.#
#.### # #.##..# #.#


You could see an orc priest.

Vanquished Creatures
  3 gnolls (D:3)
  5 adders
  A worm (D:3)
  A dart slug (D:1)
  5 orcs (D:3)
  10 endoplasms
  5 giant cockroaches
  8 hobgoblins
  6 jackals
  A quokka (D:1)
  5 ball pythons
  5 bats
  A frilled lizard (D:1)
  5 goblins
  5 kobolds
  4 rats
70 creatures vanquished.

Vanquished Creatures (collateral kills)
  An orc wizard (D:3)
  A dart slug (D:3)
  A hobgoblin (D:2)
3 creatures vanquished.

Grand Total: 73 creatures vanquished

Notes
Turn   | Place    | Note
-------+----------+-------------------------------------------
     0 | D:1      | Zonian the Demonspawn Ice Elementalist began the quest for
                  | the Orb.
     0 | D:1      | Reached XP level 1. HP: 13/13 MP: 3/3
   755 | D:1      | Gained mutation: You sometimes gain a little power by
                  | taking damage. [demonic ancestry]
   755 | D:1      | Reached XP level 2. HP: 17/19 MP: 1/5
  1731 | D:1      | Gained mutation: A weak demonic guardian rushes to your
                  | aid. [demonic ancestry]
  1731 | D:1      | Reached XP level 3. HP: 24/24 MP: 3/6
  2255 | D:2      | Found a faded altar of an unknown god.
  2306 | D:2      | Reached skill level 4 in Ice Magic
  2307 | D:2      | Reached XP level 4. HP: 20/30 MP: 2/8
  4224 | D:3      | Found an ornate altar of the Wu Jian Council.
  4589 | D:3      | Gained mutation: A demonic guardian rushes to your aid.
                  | [demonic ancestry]
  4589 | D:3      | Reached XP level 5. HP: 35/35 MP: 9/9
  5406 | D:3      | Killed from afar by an orc priest

Illustrated notes

Levels and vault maps discovered:
D:1:      dpeg_arrival_simpleton_a, layout_basic
D:2:      layout_loops_ring, shapermc_ecumenical_altar_starsandcircs
D:3:      minmay_angry_zag, layout_loops_corners, nicolae_wu_jian_wuxing_cycle

Skill      XL: |  1  2  3  4  5 |
---------------+----------------+-----
Stealth        | 2 3 |  3.1
Dodging        | 2 |  2.9
Ice Magic      | 4 |  4.3
Spellcasting   | 3 |  3.1

Action                   |  1- 3 |  4- 6 || total
-------------------------+-------+-------++-------
Melee: Dagger            |    31 |    25 ||    56
       Unarmed           |     2 |       ||     2
       Punch             |       |     1 ||     1
 Cast: Freeze            |    59 |    49 ||   108
 Stab: Sleeping          |     1 |     5 ||     6
Armor: Robe              |    13 |     7 ||    20
Dodge: Dodged            |    48 |    31 ||    79

Table legend: (Time is in decaauts)
 A = Elapsed time spent in this place.
 B = Non-inter-level travel time spent in this place.
 C = Inter-level travel time spent in this place.
 D = Time resting spent in this place.
 E = Time spent auto-exploring this place.
 F = Levels seen in this place.
 G = Mean time per level.
                   A        B        C        D        E       F      G
               +--------+--------+--------+--------+--------+-----+--------+
         Total |   5405 |   5227 |    178 |   2636 |   2007 |   3 | 1801.7 |
       Dungeon |   5405 |   5227 |    178 |   2636 |   2007 |   3 | 1801.7 |
               +--------+--------+--------+--------+--------+-----+--------+

Top non-repeatable levels by time:
     D:3: 2012 daAuts
     D:1: 1818 daAuts
     D:2: 1573 daAuts
